 Dungeon Crawl Stone Soup version 0.27-a0-1334-g2746e35aca (webtiles) character file.

Game seed: 11671890043349350764

41 spiderkeys the Skirmisher (level 3, -1/26 HPs)
             Began as an Octopode Abyssal Knight on June 26, 2021.
             Was a Follower of Lugonu.
             Splashed by a jelly's acid (10 damage)
             ... on level 2 of the Dungeon.
             The game lasted 00:01:35 (1394 turns).

spiderkeys the Skirmisher (Octopode Abyssal Knight) Turns: 1394, Time: 00:01:35

Health: -1/26      AC: -7    Str: 12    XL:     3   Next: 52%
Magic:  4/4        EV: 13    Int: 14    God:    Lugonu [*.....]
Gold:   32         SH:  0    Dex: 11    Spells: 2/2 levels left

rFire    . . .     SeeInvis .   a - +1 spear
rCold    . . .     Faith    .   (no shield)
rNeg     . . .     Spirit   .   (helmet restricted)
rPois    +         Reflect  .   (no amulet)
rElec    .         Harm     .   P - ring of poison resistance
rCorr    .         Rampage  .   (no ring)
Will     .....                  (no ring)
Stlth    ++........             (no ring)
HPRegen  0.08/turn              (no ring)
MPRegen  0.09/turn              (no ring)
                                (no ring)
                                (no ring)

@: corroded
A: almost no armour, amphibious, 8 rings, camouflage 1, gelatinous body 1,
(nimble swimmer 1), tentacles
a: Renounce Religion, Depart the Abyss


You were on level 2 of the Dungeon.
You worshipped Lugonu.
Lugonu was aware of your devotion.
You visited 1 branch of the dungeon, and saw 2 of its levels.
You visited the Abyss 1 time.

You collected 32 gold pieces.


Innate Abilities, Weirdness & Mutations

You cannot wear most types of armour.
You are amphibious.
You can wear up to eight rings at the same time.
Your skin changes colour to match your surroundings (Stealth+).
Your rubbery body absorbs attacks. (AC +1, EV +1)
((You are camouflaged near water. (Stealth+)))
You have tentacles for arms and can constrict up to eight enemies at once.


   Skills:
 + Level 3.3 Fighting
 + Level 2.5 Polearms
 + Level 2.8 Dodging
 + Level 2.6 Invocations


You had 2 spell levels left.
You didn't know any spells.
Your spell library was empty.

Inventory:

Hand Weapons
 a - a +1 spear (weapon)
Missiles
 d - 42 stones
 j - 23 bolts
 l - 16 arrows
Jewellery
 P - a ring of poison resistance (left tentacle)
   (You found it on level 1 of the Dungeon)
Potions
 b - a potion of haste {unknown}
 c - a potion of magic {unknown}
 e - 2 potions of berserk rage {unknown}
 g - a potion of cancellation {unknown}

Dungeon Overview and Level Annotations

Branches:
Dungeon (2/15)

Altars:

....... .......
... ...#...
##... .......
#...### .......
#...#.##.......
#...#..JB......
#...#.#@†......
#............##
#..............
#..............
#..........#...
##..[......+ ..
#.........# .
#.........#
###......###.


You could see a jelly and a giant cockroach.


Message History

You kill the ball python!
Lugonu accepts your kill.
You hit the goblin. Your grab misses the goblin.
The goblin hits you with a +0 club.
A ball python comes into view. 😕 HP[-3]
You take 3 damage, and now have 23/26 hp.
The ball python hisses angrily.
You hit the goblin.
You kill the goblin!
Lugonu accepts your kill.
You hit the endoplasm. You hit the endoplasm.
You kill the endoplasm!
Lugonu accepts your kill.
You closely miss the ball python. Your grab misses the ball python.
The ball python barely misses you. The ball python misses you.
You closely miss the ball python. Your grab misses the ball python.
The ball python barely misses you. x2
You hit the ball python.
You kill the ball python!
Lugonu accepts your kill.
No target in view!
Things that are here:
a +0 club; a goblin corpse; a ball python corpse 😎 HP[+3]
Your hp is fully restored (26).
i - a scroll labelled ALUHOR QOSIO
P - a ring of poison resistance
j - 23 bolts
Things that are here:
a +0 club; a goblin corpse; a ball python corpse
k - a scroll labelled IRAPETSI RIDYI
P - a ring of poison resistance (left tentacle) Key pressed, stopping explore.
l - 16 arrows You see here a +0 club.
You now have 32 gold pieces (gained 9).
d - 42 stones (gained 18)
You see here a +0 dagger.
You see here a +0 club.
Done exploring.
Done exploring.
As you read the scroll labelled TABRUEVIUSA, it crumbles to dust.
Magic quickly surges around you.
It was a scroll of vulnerability.
As you read the scroll labelled FOKKANL DAVVU, it crumbles to dust.
The air around you briefly surges with heat, but it dissipates.
It was a scroll of immolation.
As you read the scroll labelled ALUHOR QOSIO, it crumbles to dust.
You feel momentarily disoriented.
It was a scroll of magic mapping.
As you read the scroll labelled IRAPETSI RIDYI, it crumbles to dust.
The scroll dissolves into smoke.
It was a scroll of fog.
Done exploring.
You see here a +0 dagger.
There is an escape hatch in the floor here.
You feel your willpower return.
You see here a +0 dagger.
There is a stone staircase leading down here.
You climb downwards.
There is a stone staircase leading up here.
Found a stone staircase leading down.
A bat comes into view.
A goblin comes into view. It is wielding a +0 dagger.
The bat misses you.
You barely miss the bat. Your grab misses the bat.
The goblin shouts!
The bat hits you but does no damage. The bat closely misses you.
A jelly comes into view.
You reach to attack!
The jelly quivers.
You hit the bat.
You kill the bat!
Lugonu accepts your kill.
You reach to attack!
You hit the goblin.
A giant cockroach comes into view.
You hit the goblin but do no damage. You grab the goblin.
You constrict the goblin. The goblin barely misses you.
You hit the goblin.
You kill the goblin!
Lugonu accepts your kill.
Things that are here:
a +0 dagger; a goblin corpse You hit the jelly.
The acid corrodes you!
Your tentacles burn!
You squeeze the jelly. The jelly hits you.
You are splashed with acid. 😮 HP[-8]
You take 8 damage, and now have 18/26 hp.
MASSIVE DAMAGE!! (PAUSE)
You hit the jelly.
Your tentacles burn!
The giant cockroach barely misses you. The jelly closely misses you. 😮 HP[-3]
You take 3 damage, and now have 15/26 hp.
You hit the jelly.
Your tentacles burn!
The giant cockroach misses you. 😮 HP[-1]
You take 1 damage, and now have 14/26 hp.
You hit the jelly.
Your tentacles burn!
* * * LOW HITPOINT WARNING * * *
The jelly hits you.
* * * LOW HITPOINT WARNING * * *
The acid corrodes you!
You are splashed with acid!
You die...

Action                   || total
-------------------------++-------
Melee: Spear             ||    82
       Constrict         ||    15
       Tentacles         ||     9
Invok: Depart the Abyss  ||     1
  Use: Scroll            ||     6
Armor: Skin              ||     4
Dodge: Dodged            ||    49

Levels and vault maps discovered:
D:1:      dpeg_chamrin_arrival_tetris, layout_rooms,
          ebering_ecumenical_altar_petrified, glass_columns_a,
          minmay_split_cup_large
D:2:      layout_basic

Notes
Turn   | Place    | Note
-------+----------+-------------------------------------------
     0 | Abyss:1  | spiderkeys the Octopode Abyssal Knight began the quest for
                  | the Orb.
     0 | Abyss:1  | Reached XP level 1. HP: 16/16 MP: 2/2
     0 | Abyss:1  | magus.rc [v1.9.10]
     0 | Abyss:1  | Found a corrupted altar of Lugonu.
    29 | Abyss:1  | Found a corrupted altar of Lugonu.
    77 | Abyss:1  | Found a corrupted altar of Lugonu.
   191 | Abyss:3  | Found a corrupted altar of Lugonu.
   202 | Abyss:3  | Noticed a hell hog
   202 | Abyss:3  | Noticed a hell hog
   203 | Abyss:3  | Noticed a hell hog
   226 | Abyss:4  | Noticed a small abomination
   241 | D:1      | You pass through the gate.
   241 | D:1      | Escaped the Abyss
   337 | D:1      | Reached XP level 2. HP: 20/21 MP: 3/3
   347 | D:1      | Reached * piety under Lugonu
   782 | D:1      | Found a faded altar of an unknown god.
   789 | D:1      | Reached XP level 3. HP: 22/26 MP: 4/4
  1394 | D:2      | Splashed by a jelly's acid

Vanquished Creatures
  A dart slug (D:1)
  4 bats
  2 endoplasms (D:1)
  3 goblins
  2 hobgoblins (D:1)
  8 jackals (D:1)
  4 kobolds (D:1)
  6 ball pythons (D:1)
  A frilled lizard (D:1)
  A rat (D:1)
32 creatures vanquished.

Vanquished Creatures (others)
  A withered plant (D:1)
1 creature vanquished.

Grand Total: 33 creatures vanquished

Table legend:
 A = Non-vault XP
 B = Vault XP
 C = Vault XP percentage of total XP
 D = Non-vault monster count
 E = Vault monster count
 F = Vault count percentage of total count
                 A         B        C        D         E       F
            +---------+---------+-------+---------+---------+-------
      Total |      51 |       8 |  13.6 |      28 |       4 |  12.5
            +---------+---------+-------+---------+---------+-------
        D:1 |      47 |       8 |  14.5 |      26 |       4 |  13.3
        D:2 |       4 |       0 |   0.0 |       2 |       0 |   0.0
            +---------+---------+-------+---------+---------+-------

Illustrated notes

Table legend:
 A = Kills in this place as a percentage of kills in entire the game.
 B = Kills by you in this place as a percentage of kills by you in the entire game.
 C = Kills by friends in this place as a percentage of kills by friends in the entire game.
 D = Other kills in this place as a percentage of other kills in the entire game.
 E = Experience gained in this place as a percentage of experience gained in the entire game.
 F = Experience gained in this place divided by the number of levels of this place that you have seen.
                   A       B       C       D       E      F
               +-------+-------+-------+-------+-------+----------------------
         Total | 100.0 | 100.0 |   N/A |   N/A | 100.0 |   9.8
       Dungeon | 100.0 | 100.0 |   N/A |   N/A | 100.0 |  29.5
               +-------+-------+-------+-------+-------+----------------------

Table legend: (Time is in decaauts)
 A = Elapsed time spent in this place.
 B = Non-inter-level travel time spent in this place.
 C = Inter-level travel time spent in this place.
 D = Time resting spent in this place.
 E = Time spent auto-exploring this place.
 F = Levels seen in this place.
 G = Mean time per level.
                   A        B        C        D        E       F      G
               +--------+--------+--------+--------+--------+-----+--------+
         Total |   1391 |   1321 |     70 |      0 |   1070 |   6 |  231.8 |
       Dungeon |   1150 |   1080 |     70 |      0 |    932 |   2 |  575.0 |
         Abyss |    240 |    240 |      0 |      0 |    138 |   4 |   60.0 |
               +--------+--------+--------+--------+--------+-----+--------+

Top non-repeatable levels by time:
     D:1: 1099 daAuts
 Abyss:1: 142 daAuts
     D:2: 51 daAuts
 Abyss:2: 48 daAuts
 Abyss:4: 27 daAuts
 Abyss:3: 21 daAuts
